General information
	        
			
        
        - name: BNet
 
        - type: Ladder 1vs1/FFA
 
        - host: Battle.net
 
        - saver: 1refdisrrush
 
        
map: SecretValley 
        - players: 2
 
        - length: 14:29
 
        - speed: Fast
 - version: 1.22 W3XP
 - replay type:  Public
 
» download(65 KB)
Players
        team 1 (winner) 
              
              
SoSorry (
red | 155 APM | 2252 actions | 14:29)
              
 3 Demon Hunter 
 2 Mana Burn
 1 Evasion
 2 Keeper of the Grove 
 1 Entangling Roots
 1 Thorns Aura
 
                » actions 
                
                | Assign group hotkey | 70 |  | 
| Basic commands | 86 |  | 
| Build / train | 54 |  | 
| ESC pressed | 2 |  | 
| Enter build submenu | 14 |  | 
| Enter hero's abilities submenu | 5 |  | 
| Give item / drop item | 6 |  | 
| Right click | 823 |  | 
| Select / deselect | 321 |  | 
| Select group hotkey | 785 |  | 
| Use ability | 86 |  | 
                2252 total
 » units 
                
                | Wisp | 13 |  | 
| Huntress | 3 |  | 
| Druid of the Claw | 3 |  | 
| Dryad | 4 |  | 
                23 total
 » upgrades
                
                | Druid of the Claw Training | 2 |  | 
| Abolish Magic | 1 |  | 
| Mark of the Claw | 1 |  | 
                4 total
 » buildings
                
                | Altar of Elders | 1 |  | 
| Ancient of War | 1 |  | 
| Moon Well | 7 |  | 
| Hunter's Hall | 1 |  | 
| Tree of Ages | 2 |  | 
| Ancient of Wonders | 2 |  | 
| Tree of Eternity | 1 |  | 
| Ancient of Lore | 2 |  | 
                17 total
 » build order
                00:08 Altar of Elders
00:14 Ancient of War
00:19 Moon Well
02:43 Hunter's Hall
03:13 Moon Well
03:46 Tree of Ages
03:47 Tree of Ages
04:43 Ancient of Wonders
04:48 Ancient of Wonders
05:48 Moon Well
05:53 Moon Well
05:54 Moon Well
06:01 Moon Well
07:15 Tree of Eternity
07:24 Ancient of Lore
07:25 Ancient of Lore
12:12 Moon Well
» items
                
                | Dust of Appearance | 1 |  | 
| Circlet of Nobility | 1 |  | 
| Boots of Speed | 2 |  | 
| Staff of Preservation | 2 |  | 
| Potion of Healing | 1 |  | 
| Orb of Venom | 1 |  | 
| Lesser Clarity Potion | 1 |  | 
| Potion of Lesser Invulnerability | 1 |  | 
| Scroll of Healing | 1 |  | 
| Scroll of Protection | 3 |  | 
                14 total
  
               team 2 (loser) 
              
              
1refdisrrush (
teal | 144 APM | 2091 actions | 14:29)
              
 3 Blademaster 
 2 Wind Walk
 1 Critical Strike
 2 Shadow Hunter 
 1 Hex
 1 Healing Wave
 
                » actions 
                
                | Assign group hotkey | 17 |  | 
| Basic commands | 13 |  | 
| Build / train | 60 |  | 
| ESC pressed | 2 |  | 
| Enter build submenu | 12 |  | 
| Enter hero's abilities submenu | 5 |  | 
| Give item / drop item | 5 |  | 
| Right click | 1186 |  | 
| Select / deselect | 460 |  | 
| Select group hotkey | 181 |  | 
| Use ability | 150 |  | 
                2091 total
 » units 
                
                | Peon | 11 |  | 
| Grunt | 5 |  | 
| Raider | 2 |  | 
| Spirit Walker | 3 |  | 
| Kodo Beast | 2 |  | 
                23 total
 » upgrades
                
                | Berserker Strength | 1 |  | 
| Ensnare | 1 |  | 
| Spirit Walker Training | 1 |  | 
                3 total
 » buildings
                
                | Altar of Storms | 1 |  | 
| Orc Burrow | 5 |  | 
| Voodoo Lounge | 1 |  | 
| Barracks | 1 |  | 
| Stronghold | 2 |  | 
| Beastiary | 1 |  | 
| Spirit Lodge | 1 |  | 
| War Mill | 1 |  | 
| Fortress | 1 |  | 
| Tauren Totem | 1 |  | 
                15 total
 » build order
                00:03 Altar of Storms
00:11 Orc Burrow
00:49 Voodoo Lounge
01:21 Barracks
01:47 Orc Burrow
03:02 Stronghold
03:03 Stronghold
04:43 Orc Burrow
05:32 Beastiary
05:33 Spirit Lodge
07:19 War Mill
08:39 Orc Burrow
09:53 Fortress
09:54 Orc Burrow
13:26 Tauren Totem
» items
                
                | Healing Salve | 5 |  | 
| Lesser Clarity Potion | 7 |  | 
| Circlet of Nobility | 1 |  | 
| Dust of Appearance | 1 |  | 
| Boots of Speed | 1 |  | 
| Scroll of Speed | 1 |  | 
| Potion of Healing | 1 |  | 
| Potion of Mana | 2 |  | 
                19 total
  
                Chat log
          (00:14 / All) 1refdisrrush: hi
(10:41 / All) 1refdisrrush: you good